[ PARTIDA AOE2 · #481522247 ]
UnrankedMagiares vs Wei
[ ANÁLISIS DE REPETICIÓN · EXTRAÍDO DE LA PARTIDA GRABADA ]
Feudal
—
Castillos
—
Imperial
—
| APM promedio | 2.9 |
| APM pico | 12 |
| eAPM promedio | 2.2 |
| Aldeanos / militares | 30 / 9 |
Foco
⚔️ 23.0% · 🌾 77.0%
Militia ×9
Feudal
—
Castillos
—
Imperial
—
| APM promedio | 12.0 |
| APM pico | 48 |
| eAPM promedio | 7.6 |
| Aldeanos / militares | 92 / 22 |
Foco
⚔️ 29.2% · 🌾 70.8%
Militia ×12 · Konnik ×9 · Mangonel ×1
Feudal
14:42
Castillos
19:26
Imperial
36:00
| APM promedio | 20.8 |
| APM pico | 51 |
| eAPM promedio | 16.7 |
| Aldeanos / militares | 159 / 87 |
Foco
⚔️ 39.5% · 🌾 60.5%
Unknown (1949) ×76 · Unknown (1952) ×60 · Skirmisher ×31 · Archer ×26 · Unknown (1942) ×21 · Spearman ×17
Feudal
—
Castillos
—
Imperial
—
| APM promedio | 26.6 |
| APM pico | 85 |
| eAPM promedio | 15.5 |
| Aldeanos / militares | 132 / 215 |
Foco
⚔️ 39.0% · 🌾 61.0%
Serjeant ×188 · Spearman ×23 · Trebuchet (Packed) ×4
Feudal
17:26
Castillos
22:14
Imperial
38:19
| APM promedio | 16.6 |
| APM pico | 40 |
| eAPM promedio | 10.6 |
| Aldeanos / militares | 110 / 23 |
Foco
⚔️ 22.4% · 🌾 77.6%
Scout Cavalry ×8 · Obuch ×7 · Knight ×4 · Trebuchet (Packed) ×3 · Monk ×1
Feudal
14:26
Castillos
20:27
Imperial
53:54
| APM promedio | 34.8 |
| APM pico | 74 |
| eAPM promedio | 22.8 |
| Aldeanos / militares | 213 / 101 |
Foco
⚔️ 14.7% · 🌾 85.3%
Knight ×54 · Hussite Wagon ×47
Feudal
14:03
Castillos
32:19
Imperial
—
| APM promedio | 15.7 |
| APM pico | 45 |
| eAPM promedio | 7.8 |
| Aldeanos / militares | 78 / 31 |
Foco
⚔️ 16.8% · 🌾 83.2%
Mameluke ×10 · Camel Scout ×5 · Spearman ×4 · Archer ×3 · Battering Ram ×3 · Scout Cavalry ×3
Feudal
13:15
Castillos
17:46
Imperial
34:06
| APM promedio | 29.3 |
| APM pico | 63 |
| eAPM promedio | 20.0 |
| Aldeanos / militares | 223 / 371 |
Foco
⚔️ 44.0% · 🌾 56.0%
Knight ×251 · Woad Raider ×91 · Battering Ram ×26 · Monk ×3
Mapa de la partida
Recursos iniciales + cada clic de construcción. Líneas = muros · curvas = relieve. ◆ oro · ⬟ piedra · ● bayas · ✦ reliquia · ◌ hueco del cierre
Tu base· Abierta — flanco sin cerrar
Base de TsarNeo· ✓ Cerrada en 25:03 · 41t muro · 3 puerta(s)
Base de StixNstones· Abierta — flanco sin cerrar
Base de AffableColt12· Abierta — flanco sin cerrar
Base de xiver· Abierta — hueco de 9t
Base de tuankiet· Abierta — hueco de 10t
Base de bryan-2156· Abierta — flanco sin cerrar
Base de crazyride888· Abierta — flanco sin cerrar
Terreno inicial suavizado · ◌ = hueco del cierre detectado · pasá el cursor para detalles
Inputs por minuto
— S0larblu - - TsarNeo
Build order — S0larblu
93 acciones detectadas en el replay
| 2:42 | Construir | Town Center |
| 5:33 | Crear | Villager (Male) |
| 5:33 | Crear | Villager (Male) |
| 5:33 | Crear | Villager (Male) |
| 5:34 | Crear | Villager (Male) |
| 5:34 | Crear | Villager (Male) |
| 5:34 | Crear | Villager (Male) |
| 6:09 | Construir | House |
| 6:13 | Construir | House |
| 6:17 | Construir | Mill |
| 7:18 | Investigar | Loom |
| 7:55 | Construir | Outpost |
| 9:11 | Construir | Outpost |
| 10:18 | Crear | Villager (Male) |
| 10:18 | Crear | Villager (Male) |
| 14:02 | Construir | Lumber Camp |
| 14:40 | Investigar | Feudal Age |
| 16:40 | Crear | Villager (Male) |
| 16:40 | Crear | Villager (Male) |
| 16:41 | Crear | Villager (Male) |
| 16:42 | Crear | Villager (Male) |
| 17:48 | Construir | Outpost |
| 18:09 | Construir | Outpost |
| 18:25 | Construir | Farm |
| 18:53 | Construir | Farm |
| 19:02 | Construir | Farm |
| 21:24 | Construir | Market |
| 23:44 | Construir | Blacksmith |
| 24:33 | Investigar | Castle Age |
| 24:36 | Investigar | Town Watch |
| 24:45 | Crear | Villager (Male) |
| 24:45 | Crear | Villager (Male) |
| 24:45 | Crear | Villager (Male) |
| 24:45 | Crear | Villager (Male) |
| 25:23 | Construir | Farm |
| 25:27 | Construir | Farm |
| 25:34 | Investigar | Padded Archer Armor |
| 25:35 | Investigar | Scale Mail Armor |
| 26:19 | Construir | Stone Wall |
| 26:34 | Construir | Gate |
| 26:46 | Construir | Stone Wall |
| 27:51 | Investigar | Leather Archer Armor |
| 27:51 | Investigar | Scale Mail Armor |
| 28:20 | Construir | Mining Camp |
| 28:41 | Construir | Watch Tower |
| 29:01 | Crear | Villager (Male) |
| 29:01 | Crear | Villager (Male) |
| 29:02 | Crear | Villager (Male) |
| 29:02 | Crear | Villager (Male) |
| 29:24 | Construir | House |
| 30:04 | Construir | Farm |
| 31:23 | Construir | Farm |
| 32:02 | Construir | Farm |
| 32:27 | Construir | Stone Wall |
| 33:05 | Investigar | Town Patrol |
| 33:06 | Investigar | Wheelbarrow |
| 33:56 | Crear | Villager (Male) |
| 33:56 | Crear | Villager (Male) |
| 34:41 | Construir | Mining Camp |
| 35:09 | Construir | Gate |
| 35:38 | Investigar | Wheelbarrow |
| 35:39 | Crear | Villager (Male) |
| 35:39 | Crear | Villager (Male) |
| 35:39 | Crear | Villager (Male) |
| 36:16 | Construir | Barracks |
| 37:16 | Construir | Barracks |
| 38:02 | Crear | Villager (Male) |
| 38:02 | Crear | Villager (Male) |
| 38:54 | Construir | Stone Wall |
| 39:19 | Investigar | Hand Cart |
| 39:20 | Crear | Villager (Male) |
| 39:31 | Construir | House |
| 40:06 | Crear | Villager (Male) |
| 40:07 | Crear | Villager (Male) |
| 40:28 | Construir | House |
| 40:32 | Construir | House |
| 41:17 | Investigar | Scale Barding Armor |
| 41:21 | Construir | Farm |
| 42:01 | Construir | Stone Wall |
| 42:32 | Investigar | Arson |
| 42:33 | Investigar | Man-at-Arms (upgrade) |
| 43:40 | Construir | Stone Wall |
| 45:38 | Investigar | Pikeman (upgrade) |
| 45:39 | Investigar | Long Swordsman (upgrade) |
| 45:42 | Crear | Militia |
| 45:43 | Crear | Militia |
| 45:43 | Crear | Militia |
| 45:43 | Crear | Militia |
| 45:43 | Crear | Militia |
| 45:44 | Crear | Militia |
| 45:44 | Crear | Militia |
| 45:44 | Crear | Militia |
| 45:44 | Crear | Militia |
Build order — TsarNeo
Primeras 150 de 206 acciones detectadas
| 1:03 | Construir | Town Center |
| 3:40 | Construir | House |
| 3:41 | Construir | House |
| 3:43 | Construir | House |
| 4:03 | Crear | Villager (Male) |
| 4:03 | Crear | Villager (Male) |
| 4:04 | Crear | Villager (Male) |
| 4:04 | Crear | Villager (Male) |
| 4:04 | Crear | Villager (Male) |
| 4:05 | Investigar | Loom |
| 5:48 | Crear | Villager (Male) |
| 5:49 | Crear | Villager (Male) |
| 7:06 | Construir | Palisade Wall |
| 7:34 | Crear | Villager (Male) |
| 7:34 | Crear | Villager (Male) |
| 7:35 | Crear | Villager (Male) |
| 7:35 | Crear | Villager (Male) |
| 8:37 | Construir | Palisade Wall |
| 8:44 | Construir | Palisade Gate |
| 8:49 | Crear | Villager (Male) |
| 8:49 | Crear | Villager (Male) |
| 9:10 | Construir | Palisade Gate |
| 10:46 | Crear | Villager (Male) |
| 10:46 | Crear | Villager (Male) |
| 12:00 | Construir | House |
| 12:03 | Construir | House |
| 12:11 | Crear | Villager (Male) |
| 12:12 | Crear | Villager (Male) |
| 12:12 | Crear | Villager (Male) |
| 12:39 | Crear | Villager (Male) |
| 12:39 | Crear | Villager (Male) |
| 12:39 | Crear | Villager (Male) |
| 13:33 | Construir | Palisade Wall |
| 13:40 | Construir | Palisade Wall |
| 13:59 | Crear | Villager (Male) |
| 14:00 | Crear | Villager (Male) |
| 14:00 | Crear | Villager (Male) |
| 14:00 | Crear | Villager (Male) |
| 14:00 | Crear | Villager (Male) |
| 14:00 | Crear | Villager (Male) |
| 14:01 | Crear | Villager (Male) |
| 14:57 | Construir | Palisade Gate |
| 15:28 | Construir | Mill |
| 15:35 | Construir | Mill |
| 16:10 | Construir | Barracks |
| 16:26 | Construir | House |
| 16:28 | Construir | House |
| 16:29 | Construir | House |
| 17:36 | Construir | Farm |
| 17:38 | Construir | Farm |
| 17:39 | Construir | Farm |
| 17:40 | Construir | Farm |
| 17:55 | Crear | Militia |
| 17:55 | Crear | Militia |
| 17:55 | Crear | Militia |
| 18:34 | Crear | Militia |
| 18:35 | Crear | Militia |
| 19:55 | Investigar | Feudal Age |
| 19:56 | Crear | Villager (Male) |
| 19:56 | Crear | Villager (Male) |
| 23:09 | Construir | Blacksmith |
| 23:14 | Construir | Market |
| 23:50 | Crear | Villager (Male) |
| 23:58 | Construir | Farm |
| 24:00 | Construir | Farm |
| 24:01 | Construir | Farm |
| 24:03 | Construir | Farm |
| 25:03 | Investigar | Castle Age |
| 25:43 | Investigar | Scale Mail Armor |
| 25:45 | Investigar | Forging |
| 25:53 | Crear | Militia |
| 25:53 | Crear | Militia |
| 26:39 | Construir | Farm |
| 26:41 | Construir | Farm |
| 26:42 | Construir | Farm |
| 27:01 | Construir | Farm |
| 27:58 | Construir | Town Center |
| 28:06 | Construir | Town Center |
| 28:24 | Construir | Town Center |
| 28:28 | Crear | Villager (Male) |
| 28:29 | Crear | Villager (Male) |
| 28:29 | Crear | Villager (Male) |
| 28:30 | Crear | Villager (Male) |
| 28:49 | Construir | Farm |
| 28:50 | Construir | Farm |
| 29:05 | Construir | Farm |
| 29:10 | Crear | Villager (Male) |
| 29:10 | Crear | Villager (Male) |
| 29:11 | Crear | Villager (Male) |
| 29:32 | Crear | Villager (Male) |
| 29:32 | Crear | Villager (Male) |
| 29:32 | Crear | Villager (Male) |
| 29:37 | Crear | Villager (Male) |
| 29:37 | Crear | Villager (Male) |
| 30:01 | Crear | Villager (Male) |
| 30:04 | Crear | Villager (Male) |
| 30:07 | Crear | Villager (Male) |
| 30:15 | Crear | Villager (Male) |
| 30:22 | Construir | Farm |
| 30:23 | Construir | Farm |
| 30:53 | Construir | Stone Wall |
| 30:54 | Construir | Stone Wall |
| 30:55 | Construir | Stone Wall |
| 31:02 | Construir | Gate |
| 31:08 | Crear | Militia |
| 31:08 | Crear | Militia |
| 31:10 | Investigar | Gambesons |
| 31:21 | Construir | Stone Wall |
| 32:12 | Crear | Villager (Male) |
| 32:12 | Crear | Villager (Male) |
| 32:13 | Crear | Villager (Male) |
| 32:13 | Crear | Villager (Male) |
| 32:13 | Crear | Villager (Male) |
| 32:13 | Crear | Villager (Male) |
| 32:28 | Construir | Farm |
| 32:43 | Crear | Militia |
| 32:43 | Crear | Militia |
| 32:44 | Crear | Militia |
| 33:13 | Construir | Stone Wall |
| 33:17 | Construir | Gate |
| 33:35 | Construir | Krepost |
| 33:59 | Construir | House |
| 34:01 | Construir | House |
| 34:02 | Construir | House |
| 34:03 | Construir | House |
| 34:05 | Construir | House |
| 34:51 | Construir | Gate |
| 35:04 | Construir | Town Center |
| 35:35 | Construir | Mining Camp |
| 35:45 | Crear | Villager (Male) |
| 35:45 | Crear | Villager (Male) |
| 35:46 | Crear | Villager (Male) |
| 35:46 | Crear | Villager (Male) |
| 35:46 | Crear | Villager (Male) |
| 35:46 | Crear | Villager (Male) |
| 35:47 | Crear | Villager (Male) |
| 35:47 | Crear | Villager (Male) |
| 35:50 | Crear | Villager (Male) |
| 35:50 | Crear | Villager (Male) |
| 35:51 | Crear | Villager (Male) |
| 35:51 | Crear | Villager (Male) |
| 35:51 | Crear | Villager (Male) |
| 35:51 | Crear | Villager (Male) |
| 36:01 | Construir | Farm |
| 36:18 | Construir | Farm |
| 36:29 | Construir | Gate |
| 36:50 | Construir | Stone Wall |
| 36:54 | Construir | Gate |
| 37:22 | Construir | Mining Camp |
| 37:27 | Crear | Villager (Male) |
Build order — StixNstones
Primeras 150 de 601 acciones detectadas
| 0:26 | Construir | Town Center |
| 1:10 | Construir | House |
| 2:40 | Investigar | Loom |
| 2:40 | Investigar | Loom |
| 2:40 | Crear | Villager (Male) |
| 2:41 | Crear | Villager (Male) |
| 2:41 | Crear | Villager (Male) |
| 3:13 | Crear | Villager (Male) |
| 4:05 | Crear | Villager (Male) |
| 5:09 | Crear | Villager (Male) |
| 5:33 | Crear | Villager (Male) |
| 5:38 | Construir | House |
| 6:00 | Crear | Villager (Male) |
| 6:00 | Crear | Villager (Male) |
| 6:49 | Construir | House |
| 7:06 | Crear | Villager (Male) |
| 7:07 | Crear | Villager (Male) |
| 7:31 | Crear | Villager (Male) |
| 7:31 | Crear | Villager (Male) |
| 7:54 | Crear | Villager (Male) |
| 8:05 | Crear | Villager (Male) |
| 8:32 | Crear | Villager (Male) |
| 8:36 | Crear | Villager (Male) |
| 8:44 | Construir | Mill |
| 9:14 | Construir | House |
| 9:46 | Crear | Villager (Male) |
| 9:46 | Crear | Villager (Male) |
| 10:13 | Construir | Farm |
| 10:14 | Construir | Farm |
| 10:18 | Construir | Farm |
| 10:22 | Construir | Farm |
| 10:25 | Crear | Villager (Male) |
| 10:25 | Crear | Villager (Male) |
| 10:52 | Crear | Villager (Male) |
| 10:56 | Construir | Lumber Camp |
| 11:35 | Crear | Villager (Male) |
| 12:02 | Construir | House |
| 12:17 | Investigar | Feudal Age |
| 13:10 | Construir | Farm |
| 13:15 | Construir | Farm |
| 13:26 | Construir | Farm |
| 14:39 | Construir | Farm |
| 14:42 | Edad | Edad Feudal |
| 14:49 | Construir | Market |
| 15:02 | Construir | Blacksmith |
| 16:04 | Construir | House |
| 16:16 | Construir | House |
| 16:23 | Construir | Stone Wall |
| 16:37 | Construir | Mining Camp |
| 16:46 | Investigar | Castle Age |
| 17:04 | Construir | House |
| 17:15 | Construir | Stone Wall |
| 17:23 | Construir | House |
| 17:33 | Construir | Gate |
| 17:45 | Construir | Stone Wall |
| 17:52 | Investigar | Double-Bit Axe |
| 17:56 | Investigar | Horse Collar |
| 19:26 | Edad | Edad de los Castillos |
| 19:31 | Construir | Town Center |
| 19:40 | Investigar | Wheelbarrow |
| 19:43 | Investigar | Bow Saw |
| 20:44 | Construir | Town Center |
| 21:13 | Crear | Villager (Male) |
| 21:14 | Crear | Villager (Male) |
| 21:14 | Crear | Villager (Male) |
| 21:16 | Crear | Villager (Male) |
| 21:44 | Crear | Villager (Male) |
| 21:44 | Crear | Villager (Male) |
| 21:47 | Crear | Villager (Male) |
| 21:47 | Crear | Villager (Male) |
| 21:56 | Construir | Farm |
| 21:58 | Construir | Farm |
| 22:05 | Construir | Farm |
| 22:06 | Crear | Villager (Male) |
| 22:23 | Crear | Villager (Male) |
| 22:26 | Crear | Villager (Male) |
| 22:26 | Crear | Villager (Male) |
| 22:29 | Construir | Farm |
| 22:31 | Construir | Farm |
| 22:44 | Crear | Villager (Male) |
| 23:03 | Crear | Villager (Male) |
| 23:11 | Crear | Villager (Male) |
| 23:17 | Crear | Villager (Male) |
| 23:30 | Construir | Farm |
| 23:34 | Construir | Farm |
| 23:40 | Crear | Villager (Male) |
| 23:45 | Crear | Villager (Male) |
| 23:49 | Crear | Villager (Male) |
| 24:52 | Construir | House |
| 24:55 | Crear | Villager (Male) |
| 24:57 | Crear | Villager (Male) |
| 25:00 | Crear | Villager (Male) |
| 25:03 | Crear | Villager (Male) |
| 25:03 | Crear | Villager (Male) |
| 25:17 | Construir | Town Center |
| 25:20 | Construir | Farm |
| 25:22 | Construir | Farm |
| 25:26 | Construir | House |
| 25:27 | Construir | House |
| 25:29 | Construir | House |
| 25:31 | Crear | Villager (Male) |
| 25:33 | Crear | Villager (Male) |
| 25:33 | Crear | Villager (Male) |
| 25:50 | Construir | Mining Camp |
| 25:55 | Crear | Villager (Male) |
| 26:00 | Crear | Villager (Male) |
| 26:02 | Crear | Villager (Male) |
| 26:05 | Crear | Villager (Male) |
| 26:25 | Construir | Castle |
| 26:34 | Crear | Villager (Male) |
| 26:37 | Crear | Villager (Male) |
| 26:40 | Crear | Villager (Male) |
| 26:45 | Construir | Farm |
| 26:46 | Construir | Farm |
| 26:56 | Construir | Farm |
| 27:00 | Construir | Farm |
| 27:03 | Construir | Farm |
| 27:05 | Crear | Villager (Male) |
| 27:08 | Crear | Villager (Male) |
| 27:08 | Crear | Villager (Male) |
| 27:11 | Construir | Farm |
| 27:12 | Construir | Farm |
| 27:12 | Construir | Farm |
| 27:12 | Construir | Farm |
| 27:13 | Construir | Farm |
| 27:50 | Construir | Siege Workshop |
| 27:53 | Crear | Unit 1949 |
| 27:54 | Crear | Unit 1949 |
| 28:02 | Construir | Town Center |
| 28:09 | Crear | Villager (Male) |
| 28:10 | Crear | Villager (Male) |
| 28:14 | Crear | Villager (Male) |
| 28:15 | Crear | Villager (Male) |
| 28:21 | Construir | Barracks |
| 28:24 | Construir | House |
| 28:26 | Construir | House |
| 28:37 | Crear | Battering Ram |
| 28:44 | Crear | Unit 1949 |
| 28:48 | Crear | Villager (Male) |
| 28:55 | Crear | Villager (Male) |
| 28:56 | Crear | Villager (Male) |
| 29:06 | Construir | Farm |
| 29:06 | Construir | Farm |
| 29:06 | Construir | Farm |
| 29:07 | Construir | Farm |
| 29:07 | Construir | Farm |
| 29:07 | Construir | Farm |
| 29:12 | Construir | House |
| 29:13 | Construir | House |
| 29:15 | Crear | Villager (Male) |
Build order — AffableColt12
Primeras 150 de 535 acciones detectadas
| 0:16 | Construir | House |
| 1:33 | Construir | Town Center |
| 3:32 | Investigar | Loom |
| 3:32 | Investigar | Loom |
| 3:34 | Crear | Villager (Male) |
| 3:34 | Crear | Villager (Male) |
| 3:34 | Crear | Villager (Male) |
| 3:34 | Crear | Villager (Male) |
| 3:35 | Crear | Villager (Male) |
| 5:31 | Crear | Villager (Male) |
| 5:32 | Crear | Villager (Male) |
| 6:00 | Crear | Villager (Male) |
| 6:25 | Construir | House |
| 6:26 | Construir | House |
| 6:58 | Crear | Villager (Male) |
| 6:58 | Crear | Villager (Male) |
| 6:58 | Crear | Villager (Male) |
| 7:29 | Crear | Villager (Male) |
| 7:32 | Construir | House |
| 7:50 | Crear | Villager (Male) |
| 8:38 | Crear | Villager (Male) |
| 8:45 | Construir | Mill |
| 9:04 | Crear | Villager (Male) |
| 9:04 | Crear | Villager (Male) |
| 9:04 | Crear | Villager (Male) |
| 10:11 | Crear | Villager (Male) |
| 10:12 | Crear | Villager (Male) |
| 10:12 | Crear | Villager (Male) |
| 10:12 | Crear | Villager (Male) |
| 11:05 | Crear | Villager (Male) |
| 11:05 | Crear | Villager (Male) |
| 11:22 | Crear | Villager (Male) |
| 11:23 | Crear | Villager (Male) |
| 11:23 | Crear | Villager (Male) |
| 11:54 | Construir | Farm |
| 12:05 | Construir | Farm |
| 12:09 | Construir | Farm |
| 12:13 | Construir | Farm |
| 12:19 | Construir | Farm |
| 12:47 | Construir | Mining Camp |
| 12:53 | Construir | Farm |
| 12:54 | Construir | Farm |
| 12:55 | Construir | Farm |
| 13:13 | Construir | Farm |
| 13:28 | Investigar | Feudal Age |
| 13:37 | Construir | Farm |
| 14:16 | Construir | Mining Camp |
| 15:11 | Construir | House |
| 15:20 | Crear | Villager (Male) |
| 15:47 | Construir | Market |
| 16:00 | Crear | Villager (Male) |
| 16:07 | Construir | Blacksmith |
| 16:36 | Crear | Villager (Male) |
| 17:07 | Crear | Villager (Male) |
| 17:36 | Crear | Villager (Male) |
| 18:15 | Investigar | Castle Age |
| 18:33 | Construir | Outpost |
| 19:01 | Construir | Lumber Camp |
| 19:25 | Construir | House |
| 19:42 | Investigar | Double-Bit Axe |
| 19:51 | Construir | House |
| 20:31 | Construir | House |
| 20:38 | Crear | Villager (Male) |
| 20:38 | Crear | Villager (Male) |
| 20:57 | Construir | Castle |
| 21:05 | Construir | Stone Wall |
| 21:07 | Construir | Stone Wall |
| 21:08 | Construir | Stone Wall |
| 21:09 | Construir | Stone Wall |
| 21:16 | Crear | Villager (Male) |
| 21:16 | Crear | Villager (Male) |
| 21:16 | Crear | Villager (Male) |
| 22:02 | Construir | House |
| 22:03 | Construir | House |
| 22:07 | Crear | Villager (Male) |
| 22:13 | Construir | Town Center |
| 22:29 | Construir | House |
| 22:31 | Construir | House |
| 22:36 | Construir | House |
| 22:43 | Crear | Villager (Male) |
| 22:44 | Crear | Villager (Male) |
| 22:45 | Construir | Farm |
| 23:00 | Crear | Villager (Male) |
| 23:35 | Crear | Villager (Male) |
| 23:35 | Crear | Villager (Male) |
| 23:44 | Construir | Town Center |
| 24:04 | Construir | Farm |
| 24:05 | Crear | Villager (Male) |
| 24:07 | Crear | Villager (Male) |
| 24:20 | Crear | Villager (Male) |
| 24:22 | Crear | Villager (Male) |
| 24:29 | Construir | Farm |
| 24:38 | Construir | Farm |
| 24:45 | Construir | Farm |
| 24:50 | Crear | Villager (Male) |
| 25:07 | Crear | Villager (Male) |
| 25:12 | Crear | Villager (Male) |
| 25:14 | Crear | Villager (Male) |
| 25:20 | Crear | Villager (Male) |
| 25:23 | Construir | Farm |
| 25:47 | Crear | Villager (Male) |
| 26:01 | Construir | Town Center |
| 26:05 | Crear | Villager (Male) |
| 26:08 | Crear | Villager (Male) |
| 26:10 | Construir | Farm |
| 26:16 | Construir | Farm |
| 26:27 | Investigar | Horse Collar |
| 26:29 | Crear | Villager (Male) |
| 26:31 | Crear | Villager (Male) |
| 26:35 | Crear | Villager (Male) |
| 26:58 | Crear | Villager (Male) |
| 27:01 | Crear | Villager (Male) |
| 27:03 | Crear | Villager (Male) |
| 27:18 | Crear | Villager (Male) |
| 27:31 | Construir | Town Center |
| 27:33 | Construir | Farm |
| 27:37 | Crear | Villager (Male) |
| 27:39 | Crear | Villager (Male) |
| 27:40 | Crear | Villager (Male) |
| 27:43 | Construir | Farm |
| 27:44 | Construir | Farm |
| 27:53 | Crear | Villager (Male) |
| 28:07 | Crear | Villager (Male) |
| 28:07 | Crear | Villager (Male) |
| 28:10 | Construir | Farm |
| 28:14 | Construir | Farm |
| 28:15 | Construir | Farm |
| 28:16 | Construir | Farm |
| 28:20 | Construir | Farm |
| 28:21 | Crear | Villager (Male) |
| 28:30 | Construir | Farm |
| 28:33 | Crear | Villager (Male) |
| 28:36 | Crear | Villager (Male) |
| 28:45 | Crear | Villager (Male) |
| 28:51 | Crear | Villager (Male) |
| 29:02 | Crear | Villager (Male) |
| 29:05 | Crear | Villager (Male) |
| 29:08 | Crear | Villager (Male) |
| 29:11 | Construir | Farm |
| 29:15 | Construir | Farm |
| 29:18 | Construir | Farm |
| 29:20 | Construir | Farm |
| 29:23 | Construir | Farm |
| 29:26 | Construir | Farm |
| 29:29 | Construir | Farm |
| 29:30 | Crear | Villager (Male) |
| 29:31 | Crear | Villager (Male) |
| 29:33 | Crear | Villager (Male) |
| 29:37 | Construir | Farm |
| 29:39 | Construir | Farm |
Build order — xiver
Primeras 150 de 271 acciones detectadas
| 0:03 | Construir | House |
| 0:25 | Construir | Town Center |
| 2:54 | Crear | Villager (Male) |
| 2:54 | Crear | Villager (Male) |
| 2:54 | Crear | Villager (Male) |
| 2:54 | Crear | Villager (Male) |
| 2:54 | Crear | Villager (Male) |
| 3:58 | Investigar | Loom |
| 4:40 | Crear | Villager (Male) |
| 5:02 | Construir | House |
| 5:24 | Crear | Villager (Male) |
| 5:25 | Crear | Villager (Male) |
| 5:25 | Crear | Villager (Male) |
| 5:49 | Construir | House |
| 5:51 | Crear | Villager (Male) |
| 6:35 | Construir | Palisade Wall |
| 6:42 | Construir | Lumber Camp |
| 6:45 | Crear | Villager (Male) |
| 6:46 | Crear | Villager (Male) |
| 6:46 | Crear | Villager (Male) |
| 7:17 | Crear | Villager (Male) |
| 7:17 | Crear | Villager (Male) |
| 7:41 | Crear | Villager (Male) |
| 8:28 | Construir | Mill |
| 8:37 | Crear | Villager (Male) |
| 8:38 | Crear | Villager (Male) |
| 8:38 | Crear | Villager (Male) |
| 9:16 | Construir | Palisade Wall |
| 9:23 | Crear | Villager (Male) |
| 9:54 | Crear | Villager (Male) |
| 10:25 | Crear | Villager (Male) |
| 10:37 | Construir | Barracks |
| 10:42 | Construir | House |
| 10:47 | Construir | House |
| 11:08 | Crear | Villager (Male) |
| 11:08 | Crear | Villager (Male) |
| 12:00 | Crear | Villager (Male) |
| 12:01 | Crear | Villager (Male) |
| 12:34 | Construir | Farm |
| 12:45 | Construir | Mill |
| 12:50 | Crear | Villager (Male) |
| 13:24 | Construir | Mining Camp |
| 13:27 | Crear | Villager (Male) |
| 14:26 | Crear | Villager (Male) |
| 14:58 | Construir | Farm |
| 15:01 | Construir | Farm |
| 15:16 | Investigar | Feudal Age |
| 15:53 | Construir | House |
| 16:09 | Construir | Farm |
| 16:10 | Construir | Farm |
| 16:11 | Construir | Farm |
| 16:13 | Construir | Farm |
| 16:15 | Construir | Farm |
| 16:16 | Construir | Farm |
| 16:18 | Construir | Farm |
| 16:22 | Construir | Farm |
| 16:47 | Construir | House |
| 17:26 | Edad | Edad Feudal |
| 17:32 | Construir | Blacksmith |
| 17:43 | Crear | Villager (Male) |
| 18:04 | Construir | Market |
| 18:13 | Crear | Villager (Male) |
| 18:38 | Construir | Stable |
| 18:47 | Crear | Villager (Male) |
| 19:34 | Investigar | Castle Age |
| 20:11 | Construir | Mining Camp |
| 20:23 | Crear | Scout Cavalry |
| 20:24 | Investigar | Bloodlines |
| 20:28 | Investigar | Scale Barding Armor |
| 20:46 | Crear | Villager (Male) |
| 20:52 | Investigar | Stone Mining |
| 22:14 | Edad | Edad de los Castillos |
| 22:23 | Construir | Town Center |
| 22:26 | Investigar | Double-Bit Axe |
| 22:26 | Investigar | Double-Bit Axe |
| 22:40 | Crear | Villager (Male) |
| 23:05 | Crear | Villager (Male) |
| 23:12 | Investigar | Husbandry |
| 23:29 | Crear | Villager (Male) |
| 23:40 | Crear | Villager (Male) |
| 23:40 | Crear | Villager (Male) |
| 24:20 | Crear | Villager (Male) |
| 24:28 | Construir | Siege Workshop |
| 24:36 | Investigar | Horse Collar |
| 24:44 | Construir | Farm |
| 25:07 | Construir | Farm |
| 25:24 | Crear | Villager (Male) |
| 25:26 | Crear | Villager (Male) |
| 25:41 | Crear | Villager (Male) |
| 25:42 | Crear | Villager (Male) |
| 25:44 | Construir | Farm |
| 25:56 | Construir | Farm |
| 26:14 | Crear | Villager (Male) |
| 26:32 | Construir | Lumber Camp |
| 26:38 | Crear | Villager (Male) |
| 26:38 | Crear | Villager (Male) |
| 26:47 | Construir | Farm |
| 26:58 | Investigar | Heavy Plow |
| 27:18 | Construir | Lumber Camp |
| 27:21 | Crear | Villager (Male) |
| 27:21 | Crear | Villager (Male) |
| 27:32 | Investigar | Bow Saw |
| 27:39 | Crear | Knight |
| 27:39 | Crear | Knight |
| 27:40 | Crear | Knight |
| 27:40 | Crear | Knight |
| 27:58 | Construir | Farm |
| 27:59 | Construir | Farm |
| 28:05 | Crear | Villager (Male) |
| 28:25 | Investigar | Chain Barding Armor |
| 28:30 | Construir | Farm |
| 28:34 | Construir | Farm |
| 28:35 | Construir | Farm |
| 28:45 | Construir | House |
| 28:47 | Construir | House |
| 28:48 | Construir | House |
| 29:19 | Construir | House |
| 29:21 | Construir | House |
| 30:02 | Crear | Villager (Male) |
| 30:02 | Crear | Villager (Male) |
| 30:03 | Crear | Villager (Male) |
| 30:23 | Construir | Town Center |
| 30:28 | Crear | Villager (Male) |
| 30:28 | Crear | Villager (Male) |
| 30:42 | Construir | Stable |
| 30:51 | Crear | Villager (Male) |
| 30:58 | Construir | Mining Camp |
| 31:06 | Investigar | Forging |
| 31:07 | Investigar | Fletching |
| 31:40 | Construir | Monastery |
| 31:44 | Construir | University |
| 31:50 | Construir | Stable |
| 31:55 | Crear | Villager (Male) |
| 32:22 | Crear | Villager (Male) |
| 32:27 | Construir | Farm |
| 32:29 | Construir | Farm |
| 32:31 | Construir | Farm |
| 32:36 | Construir | Farm |
| 32:39 | Construir | Farm |
| 32:41 | Construir | Farm |
| 33:27 | Crear | Villager (Male) |
| 33:27 | Crear | Villager (Male) |
| 33:27 | Crear | Villager (Male) |
| 33:28 | Crear | Villager (Male) |
| 33:29 | Crear | Villager (Male) |
| 33:30 | Crear | Villager (Male) |
| 33:30 | Crear | Villager (Male) |
| 33:45 | Construir | Castle |
| 33:59 | Crear | Villager (Male) |
| 34:00 | Crear | Villager (Male) |
Build order — tuankiet
Primeras 150 de 519 acciones detectadas
| 0:53 | Construir | Town Center |
| 2:42 | Construir | House |
| 2:43 | Construir | House |
| 3:24 | Crear | Villager (Male) |
| 3:25 | Crear | Villager (Male) |
| 3:25 | Crear | Villager (Male) |
| 3:25 | Crear | Villager (Male) |
| 3:42 | Investigar | Loom |
| 3:46 | Construir | House |
| 4:44 | Crear | Villager (Male) |
| 4:44 | Crear | Villager (Male) |
| 4:44 | Crear | Villager (Male) |
| 4:44 | Crear | Villager (Male) |
| 4:54 | Construir | House |
| 5:24 | Crear | Villager (Male) |
| 5:24 | Crear | Villager (Male) |
| 5:24 | Crear | Villager (Male) |
| 5:25 | Crear | Villager (Male) |
| 5:33 | Crear | Villager (Male) |
| 5:34 | Crear | Villager (Male) |
| 5:34 | Crear | Villager (Male) |
| 5:34 | Crear | Villager (Male) |
| 6:09 | Crear | Villager (Male) |
| 6:09 | Crear | Villager (Male) |
| 6:09 | Crear | Villager (Male) |
| 6:37 | Construir | Lumber Camp |
| 7:07 | Crear | Villager (Male) |
| 7:07 | Crear | Villager (Male) |
| 7:08 | Crear | Villager (Male) |
| 7:08 | Crear | Villager (Male) |
| 7:53 | Crear | Villager (Male) |
| 7:54 | Crear | Villager (Male) |
| 7:54 | Crear | Villager (Male) |
| 7:54 | Crear | Villager (Male) |
| 7:54 | Crear | Villager (Male) |
| 7:54 | Crear | Villager (Male) |
| 8:35 | Crear | Villager (Male) |
| 8:35 | Crear | Villager (Male) |
| 8:35 | Crear | Villager (Male) |
| 9:31 | Crear | Villager (Male) |
| 9:31 | Crear | Villager (Male) |
| 9:32 | Crear | Villager (Male) |
| 9:32 | Crear | Villager (Male) |
| 9:32 | Crear | Villager (Male) |
| 10:07 | Crear | Villager (Male) |
| 10:07 | Crear | Villager (Male) |
| 10:07 | Crear | Villager (Male) |
| 10:52 | Crear | Villager (Male) |
| 11:04 | Construir | Mill |
| 11:13 | Construir | Mining Camp |
| 11:44 | Crear | Villager (Male) |
| 12:16 | Investigar | Feudal Age |
| 12:16 | Investigar | Feudal Age |
| 12:17 | Investigar | Feudal Age |
| 12:27 | Construir | House |
| 12:27 | Construir | House |
| 12:33 | Construir | Barracks |
| 12:52 | Crear | Villager (Male) |
| 12:52 | Crear | Villager (Male) |
| 12:52 | Crear | Villager (Male) |
| 12:52 | Crear | Villager (Male) |
| 12:53 | Crear | Villager (Male) |
| 13:15 | Crear | Villager (Male) |
| 13:15 | Crear | Villager (Male) |
| 13:17 | Crear | Villager (Male) |
| 13:17 | Crear | Villager (Male) |
| 13:17 | Crear | Villager (Male) |
| 13:18 | Crear | Villager (Male) |
| 14:26 | Edad | Edad Feudal |
| 14:29 | Construir | Stable |
| 14:38 | Construir | Market |
| 15:16 | Construir | Farm |
| 15:16 | Construir | Farm |
| 15:22 | Construir | Farm |
| 15:22 | Construir | Farm |
| 15:22 | Construir | Farm |
| 15:23 | Construir | Farm |
| 15:23 | Construir | Farm |
| 15:23 | Construir | Farm |
| 15:56 | Construir | Mill |
| 16:46 | Construir | Palisade Wall |
| 16:58 | Construir | Palisade Wall |
| 17:47 | Investigar | Castle Age |
| 17:47 | Investigar | Castle Age |
| 17:48 | Investigar | Castle Age |
| 18:02 | Construir | Palisade Wall |
| 18:26 | Investigar | Double-Bit Axe |
| 18:26 | Investigar | Double-Bit Axe |
| 18:26 | Investigar | Double-Bit Axe |
| 19:01 | Construir | Palisade Wall |
| 19:28 | Investigar | Horse Collar |
| 19:42 | Crear | Villager (Male) |
| 19:43 | Crear | Villager (Male) |
| 19:43 | Crear | Villager (Male) |
| 20:27 | Edad | Edad de los Castillos |
| 20:28 | Crear | Knight |
| 20:29 | Crear | Knight |
| 20:36 | Construir | Town Center |
| 20:39 | Crear | Villager (Male) |
| 20:44 | Construir | Town Center |
| 21:10 | Construir | Mill |
| 21:17 | Crear | Knight |
| 21:30 | Construir | Farm |
| 21:30 | Construir | Farm |
| 21:30 | Construir | Farm |
| 21:30 | Construir | Farm |
| 21:31 | Construir | Farm |
| 21:31 | Construir | Farm |
| 21:31 | Construir | Farm |
| 21:31 | Construir | Farm |
| 21:32 | Construir | Farm |
| 21:32 | Construir | Farm |
| 21:32 | Construir | Farm |
| 21:32 | Construir | Farm |
| 21:32 | Construir | Farm |
| 21:32 | Construir | Farm |
| 21:33 | Construir | Farm |
| 22:40 | Construir | Farm |
| 22:40 | Construir | Farm |
| 22:48 | Crear | Villager (Male) |
| 22:48 | Crear | Villager (Male) |
| 23:08 | Construir | Mining Camp |
| 23:13 | Crear | Villager (Male) |
| 23:13 | Crear | Villager (Male) |
| 23:13 | Crear | Villager (Male) |
| 23:38 | Crear | Villager (Male) |
| 23:38 | Crear | Villager (Male) |
| 23:38 | Crear | Villager (Male) |
| 23:45 | Construir | House |
| 23:48 | Construir | House |
| 24:11 | Construir | House |
| 24:13 | Construir | House |
| 24:13 | Construir | House |
| 24:13 | Construir | House |
| 24:14 | Construir | House |
| 24:14 | Construir | House |
| 24:26 | Crear | Villager (Male) ×3 |
| 24:27 | Crear | Villager (Male) ×3 |
| 24:27 | Crear | Villager (Male) |
| 24:27 | Crear | Villager (Male) |
| 25:01 | Crear | Villager (Male) |
| 25:01 | Crear | Villager (Male) |
| 25:01 | Crear | Villager (Male) |
| 25:02 | Crear | Villager (Male) |
| 25:07 | Construir | Farm |
| 25:07 | Construir | Farm |
| 25:07 | Construir | Farm |
| 25:08 | Construir | Farm |
| 25:08 | Construir | Farm |
| 25:08 | Construir | Farm |
Build order — bryan-2156
Primeras 150 de 191 acciones detectadas
| 2:07 | Construir | Town Center |
| 4:30 | Crear | Villager (Male) |
| 4:30 | Crear | Villager (Male) |
| 4:31 | Crear | Villager (Male) |
| 4:31 | Crear | Villager (Male) |
| 4:31 | Crear | Villager (Male) |
| 4:37 | Construir | House |
| 5:08 | Construir | House |
| 5:53 | Construir | Mill |
| 6:02 | Crear | Villager (Male) |
| 6:25 | Crear | Villager (Male) |
| 6:39 | Construir | Outpost |
| 6:54 | Crear | Villager (Male) |
| 7:19 | Crear | Villager (Male) |
| 7:59 | Crear | Villager (Male) |
| 8:15 | Crear | Villager (Male) |
| 8:26 | Construir | House |
| 8:50 | Crear | Villager (Male) |
| 9:14 | Investigar | Loom |
| 9:22 | Crear | Villager (Male) |
| 9:53 | Crear | Villager (Male) |
| 10:11 | Crear | Villager (Male) |
| 10:26 | Construir | House |
| 11:02 | Construir | Outpost |
| 11:09 | Crear | Villager (Male) |
| 11:27 | Construir | Lumber Camp |
| 11:53 | Investigar | Feudal Age |
| 12:07 | Construir | Farm |
| 12:58 | Construir | Farm |
| 13:01 | Crear | Villager (Male) |
| 13:04 | Construir | Farm |
| 13:11 | Construir | Mining Camp |
| 14:03 | Edad | Edad Feudal |
| 14:41 | Construir | Watch Tower |
| 14:44 | Investigar | Town Watch |
| 14:54 | Construir | House |
| 15:01 | Construir | House |
| 15:19 | Construir | Palisade Wall |
| 15:26 | Crear | Villager (Male) |
| 15:27 | Crear | Villager (Male) |
| 15:53 | Construir | Watch Tower |
| 16:14 | Construir | Barracks |
| 16:19 | Crear | Villager (Male) |
| 16:19 | Crear | Villager (Male) |
| 16:47 | Construir | Palisade Wall |
| 17:18 | Construir | Watch Tower |
| 17:32 | Construir | Archery Range |
| 17:45 | Construir | Mining Camp |
| 17:47 | Crear | Villager (Male) |
| 17:48 | Crear | Villager (Male) |
| 18:31 | Construir | Stable |
| 18:47 | Construir | House |
| 18:57 | Construir | House |
| 19:00 | Crear | Archer |
| 19:00 | Crear | Archer |
| 19:01 | Crear | Archer |
| 19:07 | Crear | Villager (Male) |
| 19:08 | Crear | Villager (Male) |
| 19:20 | Construir | Watch Tower |
| 19:57 | Construir | Watch Tower |
| 20:06 | Construir | Blacksmith |
| 20:20 | Construir | Watch Tower |
| 20:42 | Crear | Villager (Male) |
| 20:42 | Crear | Villager (Male) |
| 21:46 | Crear | Spearman |
| 21:47 | Crear | Spearman |
| 22:02 | Construir | Watch Tower |
| 23:00 | Construir | Watch Tower |
| 23:13 | Construir | Farm |
| 23:16 | Construir | Farm |
| 23:20 | Construir | Farm |
| 23:23 | Construir | Farm |
| 23:27 | Construir | Farm |
| 23:29 | Construir | Farm |
| 23:44 | Construir | Watch Tower |
| 24:05 | Crear | Villager (Male) |
| 24:06 | Crear | Villager (Male) |
| 24:31 | Crear | Spearman |
| 24:32 | Crear | Spearman |
| 25:36 | Construir | Market |
| 25:41 | Crear | Villager (Male) |
| 25:41 | Crear | Villager (Male) |
| 25:42 | Crear | Villager (Male) |
| 25:51 | Construir | Farm |
| 26:53 | Construir | Farm |
| 27:51 | Construir | Farm |
| 28:03 | Construir | Palisade Wall |
| 28:22 | Construir | Palisade Wall |
| 28:51 | Construir | Farm |
| 28:57 | Construir | Farm |
| 29:39 | Investigar | Castle Age |
| 30:07 | Crear | Scout Cavalry |
| 31:07 | Investigar | Fletching |
| 31:39 | Crear | Scout Cavalry |
| 31:40 | Crear | Scout Cavalry |
| 32:19 | Edad | Edad de los Castillos |
| 32:24 | Construir | Castle |
| 32:38 | Crear | Villager (Male) |
| 32:38 | Crear | Villager (Male) |
| 32:38 | Crear | Villager (Male) |
| 33:05 | Crear | Camel Scout |
| 34:13 | Crear | Villager (Male) |
| 34:13 | Crear | Villager (Male) |
| 34:13 | Crear | Villager (Male) |
| 35:11 | Crear | Camel Scout |
| 35:13 | Crear | Camel Scout |
| 36:00 | Crear | Villager (Male) |
| 36:00 | Crear | Villager (Male) |
| 36:01 | Crear | Villager (Male) |
| 36:21 | Construir | Town Center |
| 37:37 | Construir | Farm |
| 37:44 | Crear | Villager (Male) |
| 37:44 | Crear | Villager (Male) |
| 37:45 | Crear | Villager (Male) |
| 37:49 | Investigar | Double-Bit Axe |
| 39:02 | Construir | Town Center |
| 39:06 | Crear | Villager (Male) |
| 39:07 | Crear | Villager (Male) |
| 39:07 | Crear | Villager (Male) |
| 39:07 | Crear | Villager (Male) |
| 39:08 | Crear | Villager (Male) |
| 39:27 | Crear | Mameluke |
| 39:28 | Crear | Mameluke |
| 39:29 | Crear | Mameluke |
| 39:43 | Crear | Villager (Male) |
| 39:43 | Crear | Villager (Male) |
| 39:44 | Crear | Villager (Male) |
| 39:44 | Crear | Villager (Male) |
| 40:33 | Investigar | Bow Saw |
| 40:40 | Investigar | Horse Collar |
| 40:51 | Crear | Villager (Male) |
| 40:52 | Crear | Villager (Male) |
| 40:52 | Crear | Villager (Male) |
| 40:59 | Construir | Farm |
| 41:07 | Crear | Villager (Male) |
| 41:40 | Crear | Petard |
| 41:48 | Crear | Mameluke |
| 41:48 | Crear | Mameluke |
| 43:29 | Construir | Castle |
| 43:36 | Crear | Villager (Male) |
| 43:36 | Crear | Villager (Male) |
| 43:36 | Crear | Villager (Male) |
| 43:37 | Crear | Villager (Male) |
| 43:37 | Crear | Villager (Male) |
| 43:44 | Crear | Villager (Male) |
| 43:45 | Crear | Villager (Male) |
| 43:45 | Crear | Villager (Male) |
| 43:45 | Crear | Villager (Male) |
| 43:45 | Crear | Villager (Male) |
| 44:12 | Crear | Villager (Male) |
Build order — crazyride888
Primeras 150 de 542 acciones detectadas
| 0:08 | Construir | Town Center |
| 1:26 | Construir | House |
| 2:34 | Investigar | Loom |
| 2:34 | Crear | Villager (Male) |
| 2:34 | Crear | Villager (Male) |
| 2:34 | Crear | Villager (Male) |
| 2:35 | Crear | Villager (Male) |
| 3:37 | Construir | House |
| 4:22 | Construir | House |
| 4:49 | Crear | Villager (Male) |
| 5:14 | Crear | Villager (Male) |
| 5:15 | Crear | Villager (Male) |
| 5:36 | Crear | Villager (Male) |
| 5:36 | Crear | Villager (Male) |
| 5:43 | Construir | Mill |
| 5:46 | Construir | House |
| 6:04 | Crear | Villager (Male) |
| 6:05 | Crear | Villager (Male) |
| 6:05 | Crear | Villager (Male) |
| 6:45 | Crear | Villager (Male) |
| 6:45 | Crear | Villager (Male) |
| 7:06 | Construir | House |
| 7:11 | Crear | Villager (Male) |
| 7:11 | Crear | Villager (Male) |
| 7:12 | Crear | Villager (Male) |
| 7:38 | Construir | House |
| 7:57 | Crear | Villager (Male) |
| 7:57 | Crear | Villager (Male) |
| 7:57 | Crear | Villager (Male) |
| 8:56 | Crear | Villager (Male) |
| 8:57 | Crear | Villager (Male) |
| 9:11 | Crear | Villager (Male) |
| 9:14 | Construir | Lumber Camp |
| 9:19 | Construir | House |
| 10:07 | Crear | Villager (Male) |
| 10:18 | Crear | Villager (Male) |
| 10:43 | Construir | Mining Camp |
| 10:55 | Investigar | Feudal Age |
| 10:55 | Investigar | Feudal Age |
| 12:06 | Construir | House |
| 12:15 | Construir | House |
| 12:32 | Construir | House |
| 12:50 | Crear | Villager (Male) |
| 13:15 | Edad | Edad Feudal |
| 13:33 | Construir | Blacksmith |
| 13:44 | Crear | Villager (Male) |
| 13:52 | Construir | Market |
| 13:55 | Construir | Palisade Wall |
| 13:58 | Crear | Villager (Male) |
| 14:11 | Construir | Palisade Wall |
| 14:37 | Construir | Palisade Gate |
| 14:40 | Crear | Villager (Male) |
| 15:05 | Construir | Palisade Wall |
| 15:06 | Investigar | Castle Age |
| 15:06 | Investigar | Castle Age |
| 15:17 | Investigar | Double-Bit Axe |
| 15:17 | Investigar | Double-Bit Axe |
| 15:43 | Investigar | Gold Mining |
| 15:56 | Investigar | Stone Mining |
| 15:57 | Investigar | Stone Mining |
| 16:24 | Construir | House |
| 16:25 | Construir | House |
| 16:43 | Construir | House |
| 16:44 | Construir | House |
| 16:56 | Crear | Villager (Male) |
| 17:20 | Crear | Villager (Male) |
| 17:46 | Edad | Edad de los Castillos |
| 17:59 | Construir | Town Center |
| 18:18 | Crear | Villager (Male) |
| 18:30 | Construir | Town Center |
| 18:58 | Crear | Villager (Male) |
| 18:59 | Crear | Villager (Male) |
| 19:19 | Construir | Farm |
| 19:27 | Crear | Villager (Male) |
| 19:27 | Crear | Villager (Male) |
| 19:31 | Construir | Farm |
| 19:36 | Construir | Farm |
| 19:41 | Construir | Farm |
| 19:42 | Construir | Farm |
| 20:08 | Construir | House |
| 20:10 | Crear | Villager (Male) |
| 20:11 | Crear | Villager (Male) |
| 20:16 | Construir | Farm |
| 20:19 | Crear | Villager (Male) |
| 20:20 | Crear | Villager (Male) |
| 20:33 | Crear | Villager (Male) |
| 20:33 | Crear | Villager (Male) |
| 21:00 | Crear | Villager (Male) ×2 |
| 21:00 | Crear | Villager (Male) ×2 |
| 21:11 | Crear | Villager (Male) |
| 21:20 | Construir | Monastery |
| 21:23 | Crear | Villager (Male) |
| 21:28 | Construir | Farm |
| 21:34 | Construir | Farm |
| 21:40 | Crear | Villager (Male) |
| 21:40 | Crear | Villager (Male) |
| 21:48 | Construir | Castle |
| 21:55 | Construir | Farm |
| 21:58 | Crear | Villager (Male) |
| 22:07 | Crear | Villager (Male) |
| 22:07 | Crear | Villager (Male) |
| 22:08 | Crear | Villager (Male) |
| 22:14 | Crear | Monk |
| 22:15 | Crear | Monk |
| 22:15 | Crear | Monk |
| 22:18 | Construir | Farm |
| 22:28 | Crear | Villager (Male) |
| 22:28 | Crear | Villager (Male) |
| 22:55 | Crear | Villager (Male) |
| 22:55 | Crear | Villager (Male) |
| 23:00 | Construir | Farm |
| 23:03 | Crear | Villager (Male) |
| 23:03 | Crear | Villager (Male) |
| 23:33 | Crear | Woad Raider |
| 23:33 | Crear | Woad Raider |
| 23:43 | Construir | Farm |
| 23:45 | Construir | Farm |
| 23:47 | Construir | Farm |
| 23:48 | Crear | Woad Raider |
| 23:49 | Crear | Woad Raider |
| 23:53 | Construir | Farm |
| 24:09 | Construir | Town Center |
| 24:13 | Crear | Villager (Male) ×2 |
| 24:13 | Crear | Villager (Male) ×2 |
| 24:34 | Crear | Woad Raider |
| 24:34 | Crear | Woad Raider |
| 24:42 | Construir | Farm |
| 24:42 | Construir | Farm |
| 24:49 | Investigar | Horse Collar |
| 25:06 | Crear | Villager (Male) |
| 25:07 | Crear | Villager (Male) |
| 25:11 | Construir | Farm |
| 25:14 | Crear | Villager (Male) |
| 25:39 | Investigar | Bow Saw |
| 25:39 | Investigar | Bow Saw |
| 25:53 | Crear | Villager (Male) |
| 25:53 | Crear | Villager (Male) |
| 26:00 | Crear | Villager (Male) |
| 26:06 | Construir | Farm |
| 26:07 | Construir | Farm |
| 26:08 | Construir | Farm |
| 26:09 | Construir | Farm |
| 26:30 | Construir | Castle |
| 26:44 | Investigar | Wheelbarrow |
| 26:45 | Investigar | Town Watch |
| 26:49 | Construir | Farm |
| 27:10 | Construir | Siege Workshop |
| 27:11 | Construir | Siege Workshop |
| 27:14 | Crear | Villager (Male) |
| 27:14 | Crear | Villager (Male) |
Cronología de la partida
| 6:35 | xiver · wall_segment Palisade Wall x3 |
| 7:06 | TsarNeo · wall_segment Palisade Wall x11 |
| 8:37 | TsarNeo · wall_segment Palisade Wall x10 |
| 9:16 | xiver · wall_segment Palisade Wall x9 |
| 10:37 | xiver · first_building Barracks |
| 12:33 | tuankiet · first_building Barracks |
| 13:15 | crazyride888 · age_up feudal |
| 13:33 | TsarNeo · wall_segment Palisade Wall x11 |
| 13:40 | TsarNeo · wall_segment Palisade Wall x9 |
| 13:55 | crazyride888 · wall_segment Palisade Wall x1 |
| 14:03 | bryan-2156 · age_up feudal |
| 14:11 | crazyride888 · wall_segment Palisade Wall x1 |
| 14:26 | tuankiet · age_up feudal |
| 14:29 | tuankiet · first_building Stable |
| 14:42 | StixNstones · age_up feudal |
| 15:05 | crazyride888 · wall_segment Palisade Wall x1 |
| 15:19 | bryan-2156 · wall_segment Palisade Wall x4 |
| 16:10 | TsarNeo · first_building Barracks |
| 16:11 | tuankiet · first_market_buy 100 food |
| 16:14 | bryan-2156 · first_building Barracks |
| 16:23 | StixNstones · wall_segment Stone Wall x1 |
| 16:46 | tuankiet · wall_segment Palisade Wall x2 |
| 16:47 | bryan-2156 · wall_segment Palisade Wall x4 |
| 16:58 | tuankiet · wall_segment Palisade Wall x8 |
| 17:15 | StixNstones · wall_segment Stone Wall x5 |
| 17:26 | xiver · age_up feudal |
| 17:32 | bryan-2156 · first_building Archery Range |
| 17:45 | StixNstones · wall_segment Stone Wall x6 |
| 17:46 | crazyride888 · age_up castle |
| 18:02 | tuankiet · wall_segment Palisade Wall x10 |
| 18:07 | AffableColt12 · first_market_buy 100 food |
| 18:13 | AffableColt12 · first_market_sell 100 wood |
| 18:31 | bryan-2156 · first_building Stable |
| 18:38 | xiver · first_building Stable |
| 19:01 | tuankiet · wall_segment Palisade Wall x1 |
| 19:26 | StixNstones · age_up castle |
| 20:27 | tuankiet · age_up castle |
| 20:57 | AffableColt12 · first_building Castle |
| 21:05 | AffableColt12 · wall_segment Stone Wall x2 |
| 21:07 | AffableColt12 · wall_segment Stone Wall x6 |
| 21:08 | AffableColt12 · wall_segment Stone Wall x4 |
| 21:09 | AffableColt12 · wall_segment Stone Wall x3 |
| 21:20 | crazyride888 · first_building Monastery |
| 21:48 | crazyride888 · first_building Castle |
| 22:14 | xiver · age_up castle |
| 24:28 | xiver · first_building Siege Workshop |
| 25:33 | tuankiet · wall_segment Stone Wall x10 |
| 26:19 | tuankiet · first_building Castle |
| 26:19 | S0larblu · wall_segment Stone Wall x18 |
| 26:25 | StixNstones · first_building Castle |
| 26:46 | S0larblu · wall_segment Stone Wall x1 |
| 27:10 | crazyride888 · first_building Siege Workshop |
| 27:39 | tuankiet · wall_segment Stone Wall x1 |
| 27:50 | StixNstones · first_building Siege Workshop |
| 28:03 | bryan-2156 · wall_segment Palisade Wall x2 |
| 28:21 | StixNstones · first_building Barracks |
| 28:22 | bryan-2156 · wall_segment Palisade Wall x7 |
| 29:10 | bryan-2156 · first_market_sell 100 stone |
| 29:12 | bryan-2156 · first_market_buy 100 food |
| 29:50 | StixNstones · first_building Monastery |
| 30:18 | AffableColt12 · first_building Barracks |
| 30:53 | TsarNeo · wall_segment Stone Wall x8 |
| 30:54 | TsarNeo · wall_segment Stone Wall x1 |
| 30:55 | TsarNeo · wall_segment Stone Wall x1 |
| 31:21 | TsarNeo · wall_segment Stone Wall x11 |
| 31:40 | xiver · first_building Monastery |
| 31:44 | StixNstones · wall_segment Stone Wall x1 |
| 32:12 | tuankiet · wall_segment Stone Wall x1 |
| 32:19 | bryan-2156 · age_up castle |
| 32:24 | bryan-2156 · first_building Castle |
| 32:27 | S0larblu · wall_segment Stone Wall x24 |
| 33:13 | TsarNeo · wall_segment Stone Wall x13 |
| 33:35 | TsarNeo · first_building Krepost |
| 33:45 | xiver · first_building Castle |
| 34:06 | crazyride888 · age_up imperial |
| 34:39 | StixNstones · first_building Archery Range |
| 35:37 | StixNstones · first_market_buy 100 wood |
| 35:43 | xiver · wall_segment Stone Wall x13 |
| 35:54 | crazyride888 · first_building Barracks |
| 36:00 | StixNstones · age_up imperial |
| 36:06 | StixNstones · wall_segment Stone Wall x1 |
| 36:16 | S0larblu · first_building Barracks |
| 36:43 | crazyride888 · first_building Stable |
| 36:50 | TsarNeo · wall_segment Stone Wall x14 |
| 36:53 | S0larblu · first_market_buy 100 stone |
| 36:56 | AffableColt12 · first_building Donjon |
| 37:16 | StixNstones · first_market_sell 100 food |
| 38:16 | TsarNeo · first_building Siege Workshop |
| 38:19 | xiver · age_up imperial |
| 38:54 | S0larblu · wall_segment Stone Wall x25 |
| 40:28 | crazyride888 · wall_segment Stone Wall x1 |
| 40:29 | crazyride888 · wall_segment Stone Wall x1 |
| 42:01 | S0larblu · wall_segment Stone Wall x9 |
| 42:31 | xiver · wall_segment Stone Wall x7 |
| 42:54 | StixNstones · first_building Stable |
| 43:40 | S0larblu · wall_segment Stone Wall x2 |
| 44:28 | TsarNeo · first_market_buy 100 wood |
| 46:36 | S0larblu · resign |
| 48:21 | xiver · first_market_sell 100 wood |
| 48:22 | xiver · first_market_buy 100 food |
| 48:54 | bryan-2156 · first_building Siege Workshop |
| 51:57 | AffableColt12 · tribute_sent a jugador 1 |
| 51:57 | AffableColt12 · tribute_sent a jugador 2 |
| 51:57 | AffableColt12 · tribute_sent a jugador 4 |
| 51:57 | AffableColt12 · tribute_sent a jugador 5 |
| 51:57 | AffableColt12 · tribute_sent a jugador 6 |
| 51:57 | AffableColt12 · tribute_sent a jugador 7 |
| 51:57 | AffableColt12 · tribute_sent a jugador 8 |
| 52:25 | TsarNeo · first_building Stable |
| 53:00 | tuankiet · wall_segment Stone Wall x1 |
| 53:54 | tuankiet · age_up imperial |
[ ANÁLISIS IA · 1 CRÉDITO ]
¿Qué pasó realmente en esta partida?
Wolo.gg analiza cada decisión: build order, eco, micro, errores típicos por bracket. Análisis personalizado por WhatsApp o Discord en 30 segundos.
Guía civ
Magiares
Perfil
Jugador #1412751